 Dungeon Crawl Stone Soup version 0.19-a0-1899-g2d93087 (webtiles) character file.

69 Leszczynek the Cudgeler (level 4, -10/44 HPs)
             Began as an Ogre Warper on Oct 19, 2016.
             Mangled by an ogre
             ... wielding a +0 giant club
              (22 damage)
             ... on level 4 of the Dungeon.
             The game lasted 00:05:43 (968 turns).

Leszczynek the Cudgeler (Ogre Warper)                Turns: 968, Time: 00:05:43

Health: -10/44     AC:  3    Str: 16    XL:     4   Next: 20%
Magic:  7/7        EV: 10    Int: 12    God:
Gold:   27         SH:  0    Dex: 10    Spells: 0 memorised, 7 levels left

rFire  . . .     SeeInvis .     o - +0 flail
rCold  . . .     Gourm    .     b - +0 robe
rNeg   . . .     Faith    .     (no shield)
rPois  .         Spirit   .     (helmet restricted)
rElec  .         Reflect  .     (no cloak)
rCorr  .         Harm     .     (gloves unavailable)
MR     .....                    (boots unavailable)
Stlth  +.........               (no amulet)
                                (no ring)
                                (no ring)

@: very slightly contaminated, hasted, very quick
A: unfitting armour, tough skin 1
a: no special abilities


You were on level 4 of the Dungeon.
You were not hungry.

You visited 1 branch of the dungeon, and saw 5 of its levels.

You collected 27 gold pieces.

Inventory:

Hand Weapons
 a - a +0 mace
 o - a +0 flail (weapon)
Missiles
 e - 5 tomahawks of dispersal (quivered)
Armour
 b - a +0 robe (worn)
Wands
 l - a wand of digging (9/24)
Scrolls
 f - a scroll of blinking
 h - a scroll of magic mapping {unknown}
 j - 2 scrolls of remove curse {unknown}
 k - a scroll of random uselessness {unknown}
 n - a scroll of identify {unknown}
Books
 c - a book of Spatial Translocations

   Spells                             Type                      Level
   a - Blink                          Translocation                2
   b - Shroud of Golubria             Charms/Translocation         2
   c - Lesser Beckoning               Translocation                3
   d - Portal Projectile              Translocation                3
   e - Teleport Other                 Translocation                3
   f - Passage of Golubria            Translocation                4
 m - a book of Necromancy

   Spells                             Type                      Level
   a - Pain                           Necromancy                   1
   b - Animate Skeleton               Necromancy                   1
   c - Vampiric Draining              Necromancy                   3
   d - Regeneration                   Charms/Necromancy            3
   e - Animate Dead                   Necromancy                   4
   f - Control Undead                 Necromancy                   4
Comestibles
 d - 3 bread rations
 g - a slice of pizza
 q - a chunk of flesh


   Skills:
 - Level 2.6 Fighting
 + Level 5.8 Maces & Flails
 - Level 1.0 Throwing
 - Level 2.1 Dodging
 - Level 2.4 Spellcasting
   Level 2.1 Translocations


You had 7 spell levels left.
You didn't know any spells.

Dungeon Overview and Level Annotations

Branches:
Dungeon (5/15)
 Temple: D:4-7

Altars:


Innate Abilities, Weirdness & Mutations

You are too large for most types of armour.
You have tough skin. (AC +1)


Message History

You barely miss the ogre.
The ogre is moderately wounded.
You hit the ogre.
The ogre is heavily wounded.
The ogre hits you with a giant club!!
You completely miss the ogre.
The ogre is heavily wounded.
You barely miss the ogre.
The ogre is heavily wounded.
The ogre hits you with a giant club!
You hit the ogre.
The ogre is heavily wounded.
You thump the ogre!
The ogre is almost dead.
The ogre closely misses you.
You hit the ogre but do no damage.
The ogre is almost dead.
The ogre hits you with a giant club!!
Ouch! That really hurt!
You die...

#....##...+.......######
##'#####..##.............
#.....###+## ............
#.....#.... ...........
#.....#...######..###.##.
##....##..##..##..###.##.
.##....##...#..#..........
........'....'..'..........
........##@.##..#.......##'
...##....##O.######..##..##.
... #....#...##..##..##..##.
.. #.....#........#.......[.
+...<.#........#........>
#.....+...##..######..##.
#.....#...# ..# #..##.
#....< ..# #..##. ##.......#
....#.


You could see an ogre.

Vanquished Creatures
  3 adders
  An ooze (D:1)
  A dart slug (D:3)
  4 orcs
  A ball python (D:2)
  3 bats (D:2)
  2 giant cockroaches
  5 goblins
  4 hobgoblins
  2 kobolds
  2 frilled lizards
  2 rats (D:1)
30 creatures vanquished.

Notes
Turn   | Place    | Note
-------+----------+-------------------------------------------
     0 | D:1      | Leszczynek the Ogre Warper began the quest for the Orb.
     0 | D:1      | Reached XP level 1. HP: 22/22 MP: 3/3
    44 | D:1      | Reached skill level 3 in Maces & Flails
   106 | D:1      | Reached XP level 2. HP: 16/29 MP: 5/5
   217 | D:1      | Reached skill level 4 in Maces & Flails
   345 | D:2      | Reached XP level 3. HP: 27/36 MP: 6/6
   506 | D:3      | Reached skill level 5 in Maces & Flails
   724 | D:3      | Noticed a killer bee
   815 | D:4      | Reached XP level 4. HP: 31/44 MP: 7/7
   911 | D:5      | Entered Level 5 of the Dungeon
   952 | D:4      | Noticed an ogre
   968 | D:4      | Mangled by an ogre

Vault maps used:
D:1:      kilobyte_arrival_exit_the_forest, serial_bayou_lake_a
D:2:      first_bread
D:3:      minivault_11, nemelex_lonely_heart_becter, uniq_crazy_yiuf_cottage
D:4:      serial_shops, shop

Skill      XL: |  1  2  3 |
---------------+----------+-----
Maces & Flails | 3 4 5 |  5.8
Fighting       | |  2.6
Throwing       | |  1.0
Dodging        | |  2.1
Spellcasting   | |  2.4
Translocations | |  2.1

Action                   |  1- 3 |  4- 6 || total
-------------------------+-------+-------++-------
Melee: Mace              |    87 |       ||    87
       Flail             |    22 |    17 ||    39
  Use: Potion            |       |     3 ||     3
 Stab: Sleeping          |     1 |       ||     1
  Eat: Chunk             |       |     1 ||     1
Armor: Robe              |    34 |     2 ||    36
Dodge: Dodged            |    62 |     6 ||    68
